 Dungeon Crawl Stone Soup version 0.31-a0-358-gac0dbeb3ab (webtiles) character file.

Game seed: 2739322947973184803

10653 MacCMillion the Severer (level 11, -6/99 HPs)
             Began as a Hill Orc Fighter on July 25, 2023.
             Was an Elder of Makhleb.
             Mangled by an enormous slime creature (34 damage)
             ... on level 13 of the Dungeon.
             The game lasted 00:19:40 (9091 turns).

MacCMillion the Severer (Hill Orc Fighter)          Turns: 9091, Time: 00:19:40

Health: -6/99      AC: 21    Str: 24    XL:     11   Next: 65%
Magic:  18/18      EV: 13    Int:  8    God:    Makhleb [****..]
Gold:   1030       SH:  5    Dex: 12    Spells: 10/10 levels left

rFire   + . .        Q - +4 war axe
rCold   x . .        c - +0 buckler
rNeg    . . .        x - +8 chain mail "Fyolelize" {rPois rF+ SInv Stlth-}
rPois   +            b - +0 helmet
rElec   .            (no cloak)
rCorr   .            (no gloves)
SInv    +            (no boots)
Will    .....        m - amulet of faith Stlth
                     l - ring "Iboass" {rC- EV+5 Dex+2 SInv}
HPRegen 0.36/turn    (no ring)
MPRegen 0.16/turn

%: faith
@: no status effects
A: no striking features
a: Renounce Religion, Minor Destruction, Lesser Servant of Makhleb, Major
Destruction


You were on level 13 of the Dungeon.
You worshipped Makhleb.
Makhleb was greatly pleased with you.
You visited 1 branch of the dungeon, and saw 13 of its levels.

You collected 1080 gold pieces.
You spent 50 gold pieces at shops.

Inventory:

Hand Weapons
 a - a +0 war axe
 C - a +4 hand axe of freezing
 Q - a +4 war axe (weapon)
Missiles
 F - 8 atropa-tipped darts
 I - 2 curare-tipped darts
 K - 2 throwing nets
 P - 3 poisoned darts
Armour
 b - a +0 helmet (worn)
 c - a +0 buckler (worn)
 x - the +8 chain mail "Fyolelize" (worn) {rPois rF+ SInv Stlth-}
   (You found it on level 4 of the Dungeon)

   rF:        It protects you from fire.
   rPois:     It protects you from poison.
   SInv:      It lets you see invisible.
   Stlth:     It makes you less stealthy.
Jewellery
 l - the ring "Iboass" (left hand) {rC- EV+5 Dex+2 SInv}
   (You found it on level 2 of the Dungeon)

   [ring of evasion]

   EV:        It affects your evasion (+5).
   Dex:       It affects your dexterity (+2).
   rC:        It makes you vulnerable to cold.
   SInv:      It lets you see invisible.
 m - an amulet of faith (around neck)
 w - a ring of ice
 y - a ring of ice
 H - a +5 ring of evasion
Wands
 s - a wand of roots (13)
 B - a wand of mindburst (14)
 D - a wand of paralysis (7)
 J - a wand of digging (4)
 N - a wand of polymorph (7)
 O - a wand of flame (5)
Scrolls
 f - 3 scrolls of fear
 n - 4 scrolls of teleportation
 p - 4 scrolls of amnesia
 q - a scroll of revelation
 t - 4 scrolls of immolation
 u - 3 scrolls of fog
 v - a scroll of enchant weapon {unknown}
 A - a scroll of torment {unknown}
 E - 2 scrolls of noise {unknown}
 M - a scroll of poison {unknown}
Potions
 d - a potion of might
 e - 2 potions of enlightenment
 g - a potion of attraction {unknown}
 h - 2 potions of invisibility
 i - 4 potions of ambrosia
 j - 6 potions of curing
 k - 4 potions of brilliance
 o - a potion of cancellation {unknown}
 r - a potion of heal wounds {unknown}
 G - 2 potions of magic {unknown}
 L - 3 potions of lignification {unknown}
Miscellaneous
 R - a lightning rod (4/4)


   Skills:
 - Level 10.0 Fighting
 + Level 15.0 Axes
 - Level 10.0 Armour
 - Level 4.0 Shields
 - Level 10.0 Invocations


You had 10 spell levels left.
You didn't know any spells.
Your spell library contained the following spells:

 Spells                   Type           Power      Damage    Failure   Level
 Sandblast                Erth           0%         2d4       92%         1
 Blink                    Tloc           0%         N/A       98%         2
 Lesser Beckoning         Tloc           0%         N/A       98%         2
 Momentum Strike          Conj/Tloc      0%         3d8       98%         2
 Stone Arrow              Conj/Erth      0%         3d7       100%        3
 Summon Guardian Golem    Hex/Summ       0%         N/A       100%        3
 Vhi's Electric Charge    Tloc/Air       0%         N/A       100%        3
 Animate Armour           Summ/Erth      0%         N/A       100%        4
 Summon Lightning Spire   Summ/Air       0%         N/A       100%        4
 Arcjolt                  Conj/Air       0%         1d10      100%        5
 Lee's Rapid Deconstruct  Erth           0%         3d4*      100%        5
 Summon Forest            Summ/Tloc      0%         N/A       100%        5
 Eringya's Noxious Bog    Tmut/Pois      0%         4d6       100%        6
 Plasma Beam              Fire/Air       0%         2x1d10    100%        6
 Orb of Destruction       Conj           0%         9d5       100%        7
 Spellforged Servitor     Conj/Summ      0%         N/A       100%        7
 Summon Hydra             Summ           0%         N/A       100%        7
 Lehudib's Crystal Spear  Conj/Erth      0%         10d2      100%        8


Dungeon Overview and Level Annotations

Branches:
Dungeon (14/15)            Temple (0/1) D:7            Lair (0/5) D:11
    Orc (0/2) D:9
 Vaults: D:13-14

Altars:
Ashenzari
Dithmenos
Elyvilon
Makhleb
Okawaru
Sif Muna
Beogh

Shops:
D:4 *?*   D:7 (


Message History

You slash the enormous slime creature!
The enormous slime creature is heavily wounded.
You slice the enormous slime creature!!
The enormous slime creature is heavily wounded.
You slice the enormous slime creature!!
The enormous slime creature is heavily wounded.
The enormous slime creature hits you but does no damage.
You slash the enormous slime creature!
The enormous slime creature is severely wounded.
The enormous slime creature hits you!!
You barely miss the enormous slime creature.
The enormous slime creature is severely wounded.
The enormous slime creature closely misses you.
You hit the enormous slime creature.
The enormous slime creature is severely wounded.
You barely miss the enormous slime creature.
The enormous slime creature is severely wounded.
The enormous slime creature closely misses you.
You slash the enormous slime creature!
The enormous slime creature is severely wounded.
The enormous slime creature hits you but does no damage.
You slice the enormous slime creature!!
The enormous slime creature is severely wounded.
The enormous slime creature misses you.
You slash the enormous slime creature!
The enormous slime creature is almost dead.
The enormous slime creature hits you!
You slice the enormous slime creature!!
The enormous slime creature is almost dead.
You hit the enormous slime creature.
The enormous slime creature is almost dead.
You block the enormous slime creature's attack.
You slice the enormous slime creature!!
The enormous slime creature is almost dead.
The enormous slime creature hits you!!
* * * LOW HITPOINT WARNING * * *
You barely miss the enormous slime creature.
The enormous slime creature is almost dead.
The enormous slime creature hits you!!
You die...

......# ####..#
#..############
#.............#
#..##########.#
#..# #.# #..#
#.# #..# #.#
#..# #@# #..#
#J# #..# #.#
#.# #.# #.# #.#
#.#


You could see an enormous slime creature.

Vanquished Creatures
  Gastronok (D:9)
  Erica (D:8)
  A cyclops (D:11)
  A gargoyle (D:11)
  A troll (D:10)
  Prince Ribbit (D:8)
  2 vampires
  A wraith (D:13)
  A wyvern (D:9)
  A basilisk (D:13)
  6 yaks
  2 acid dragons
  A water moccasin (D:6)
  7 orc warriors
  3 ice beasts
  A sky beast (D:6)
  3 black bears
  A centaur (D:5)
  2 kobold brigands
  2 bullfrogs
  A gnoll sergeant (D:6)
  7 scorpions
  14 wights
  6 killer bees
  11 howler monkeys
  4 jellies
  A sleepcap (D:6)
  A hound (D:4)
  6 orc priests
  2 gnoll boudas
  8 iguanas
  3 orc wizards
  Robin (D:3)
  5 gnolls
  6 adders
  5 shadow imps
  2 white imps (D:6)
  4 ufetubi
  4 worms
  A dart slug (D:5)
  46 orcs
  10 bats
  3 endoplasms
  A giant cockroach (D:3)
  20 goblins
  4 hobgoblins
  10 jackals
  9 kobolds
  A quokka (D:1)
  5 ball pythons
  4 frilled lizards (D:1)
  A rat (D:2)
245 creatures vanquished.

Vanquished Creatures (collateral kills)
  A boulder beetle (D:11)
  A shadow (D:11)
  A water moccasin (D:11)
  An orc warrior (D:9)
  3 bullfrogs (D:11)
  A scorpion (D:11)
  8 killer bees (D:9)
  An orc wizard (D:9)
  3 gnolls (D:9)
  An orc (D:9)
21 creatures vanquished.

Grand Total: 266 creatures vanquished

Notes
Turn   | Place    | Note
-------+----------+-------------------------------------------
     0 | D:1      | MacCMillion the Hill Orc Fighter began the quest for the
                  | Orb.
     0 | D:1      | Reached XP level 1. HP: 19/19 MP: 1/1
   114 | D:1      | Reached skill level 3 in Axes
   156 | D:1      | Reached XP level 2. HP: 23/27 MP: 2/2
   442 | D:1      | Found a faded altar of an unknown god.
   458 | D:1      | Got Plato's Reference Book on Lithomancy
   501 | D:1      | Reached XP level 3. HP: 25/33 MP: 3/3
   652 | D:2      | Reached skill level 4 in Axes
   689 | D:2      | Identified the ring "Iboass" {rC- EV+5 Dex+2 SInv}
   983 | D:2      | Reached XP level 4. HP: 40/40 MP: 4/4
  1228 | D:3      | Reached skill level 5 in Axes
  1433 | D:3      | Noticed Robin
  1444 | D:3      | Killed Robin
  1859 | D:3      | Found a burning altar of Makhleb.
  1865 | D:3      | Reached skill level 6 in Axes
  1865 | D:3      | Reached XP level 5. HP: 45/46 MP: 5/5
  1868 | D:3      | Became a worshipper of Makhleb the Destroyer
  2204 | D:4      | Identified the +8 chain mail "Fyolelize" {rPois rF+ SInv
                  | Stlth-}
  2250 | D:4      | Found Lozaz's Magic Scroll Emporium.
  2250 | D:4      | Found Lureatta's General Store.
  2252 | D:4      | Found Effa's Assorted Antiques.
  2265 | D:4      | Bought a scroll of identify for 20 gold pieces
  2265 | D:4      | Bought a scroll of teleportation for 30 gold pieces
  2352 | D:4      | Found a shadowy altar of Dithmenos.
  2558 | D:4      | Reached skill level 7 in Axes
  2722 | D:4      | Found an iron altar of Okawaru.
  2850 | D:5      | Entered Level 5 of the Dungeon
  2898 | D:5      | Reached XP level 6. HP: 52/52 MP: 6/6
  3013 | D:5      | Reached skill level 8 in Axes
  3652 | D:5      | Noticed a black bear
  3661 | D:5      | Killed a black bear
  3662 | D:5      | Reached skill level 9 in Axes
  3662 | D:5      | Reached XP level 7. HP: 57/58 MP: 7/7
  3873 | D:6      | Reached skill level 10 in Axes
  3901 | D:6      | Reached skill level 1 in Invocations
  4031 | D:6      | Reached * piety under Makhleb
  4416 | D:6      | Reached XP level 8. HP: 66/67 MP: 10/10
  4657 | D:6      | Reached skill level 5 in Fighting
  4789 | D:6      | Reached skill level 5 in Armour
  4791 | D:6      | Reached skill level 11 in Axes
  4848 | D:6      | Reached ** piety under Makhleb
  4849 | D:6      | Reached XP level 9. HP: 65/78 MP: 11/11
  5154 | D:7      | Found Lemedgh's Antique Weapon Boutique.
  5258 | D:7      | Found a broken altar of Ashenzari.
  5372 | D:7      | Identified the +8 flail "Xinliwut" {holy, rF+ rCorr Str+3
                  | Int-4}
  5540 | D:7      | Found a staircase to the Ecumenical Temple.
  5675 | D:8      | Reached skill level 12 in Axes
  5753 | D:8      | Noticed Erica
  5764 | D:8      | Killed Erica
  5765 | D:8      | Reached skill level 5 in Invocations
  5878 | D:8      | Reached XP level 10. HP: 84/88 MP: 14/14
  5903 | D:8      | Noticed Prince Ribbit
  5927 | D:8      | Reached *** piety under Makhleb
  5941 | D:8      | Killed Prince Ribbit
  5942 | D:8      | Reached skill level 13 in Axes
  6733 | D:9      | Found a staircase to the Orcish Mines.
  7104 | D:9      | Noticed Gastronok
  7124 | D:9      | Killed Gastronok
  7275 | D:9      | Reached XP level 11. HP: 97/99 MP: 17/17
  7511 | D:9      | Reached skill level 10 in Fighting
  7641 | D:10     | Entered Level 10 of the Dungeon
  7653 | D:10     | Found a roughly hewn altar of Beogh.
  7656 | D:10     | Reached **** piety under Makhleb
  7967 | D:10     | Reached skill level 14 in Axes
  8065 | D:10     | Found a white marble altar of Elyvilon.
  8065 | D:10     | Found a shimmering blue altar of Sif Muna.
  8670 | D:11     | Noticed a cyclops
  8671 | D:11     | Noticed a boulder beetle
  8672 | D:11     | Found a staircase to the Lair.
  8680 | D:11     | Killed a cyclops
  8849 | D:11     | Reached skill level 10 in Armour
  8857 | D:11     | Killed a boulder beetle
  8858 | D:11     | Reached skill level 10 in Invocations
  8891 | D:11     | You fall into a shaft and drop 3 floors!
  8900 | D:14     | Noticed a vault guard
  8900 | D:14     | Noticed a vault guard
  8900 | D:14     | Noticed a vault guard
  8993 | D:13     | Reached skill level 15 in Axes
  9091 | D:13     | Mangled by an enormous slime creature

Illustrated notes

Levels and vault maps discovered:
D:1:      grunt_arrival_lava_bath, layout_basic,
          shapermc_ecumenical_altar_rom_forum, st_stairs_12
D:2:      layout_rooms
D:3:      layout_loops_ring, lightli_temple_of_fire, uniq_robin
D:4:      layout_basic, kennysheep_okawaru_gauntlet,
          nicolae_dithmenos_shadow_blocks, nicolae_shop_distant_corner_stores,
          st_stairs_9, minmay_misc_feat_encased
D:5:      layout_basic, kb_lookout_dungeons_type
D:6:      minmay_polygon_palace, layout_cave_pools, serial_demonic,
          serial_demonic_f, serial_demonic_c, serial_demonic_d, serial_demonic_g
D:7:      layout_gridville, mainiacjoe_overflow_alcove_2,
          minmay_temple_entry_proselytizer, serial_shops, shop,
          serial_bayou_pond_a, kennysheep_diamond
D:8:      nicolae_cairo_tiling, layout_basic, uniq_erica, uniq_prince_ribbit1
D:9:      layout_irregular_city, david_orc_2, uniq_gastronok
D:10:     layout_roguey [special_room_orc],
          chequers_temple_overflow_statue_of_worship, nicolae_zen_rock_garden
D:11:     wander_river, layout_irregular_city, due_lair_maze_entry_diamond,
          nicolae_wooded_promenade, uniq_harold
D:13:     layout_long_grid, serial_bayou, serial_bayou_shore_b,
          serial_bayou_pond_a, serial_bayou_lagoon_a, serial_bayou_shore_a
D:14:     minmay_general_purpose_star, layout_basic, erik_vaults_2,
          nicolae_tso_carved_into_rock, nicolae_shop_overcharged_wands

Skill      XL: |  1  2  3  4  5  6  7  8  9 10 11 |
---------------+----------------------------------+-----
Axes           | 3 4 6 7 9 10 11 12 13 15 | 15.0
Shields        | 4 |  4.0
Invocations    | 3 5 8 10 | 10.0
Fighting       | 4 6 8 9 10 | 10.0
Armour         | 4 5 7 8 10 | 10.0

Action                     |  1- 3 |  4- 6 |  7- 9 | 10-12 || total
---------------------------+-------+-------+-------+-------++-------
  Melee: War axe           |    91 |   176 |    47 |    70 ||   384
         Hand axe          |       |       |   196 |   311 ||   507
 Invoke: Lesser Servant of |       |       |       |     9 ||     9
    Use: Scroll            |       |     7 |       |     3 ||    10
   Stab: Distracted        |       |       |       |     1 ||     1
 Armour: Scale mail        |    47 |    26 |       |       ||    73
         Chain mail        |       |    54 |    77 |   106 ||   237
  Dodge: Dodged            |    57 |   108 |   112 |   155 ||   432
  Block: Buckler           |    28 |    39 |    40 |    41 ||   148

Table legend: (Time is in decaauts)
 A = Elapsed time spent in this place.
 B = Non-inter-level travel time spent in this place.
 C = Inter-level travel time spent in this place.
 D = Time resting spent in this place.
 E = Time spent auto-exploring this place.
 F = Levels seen in this place.
 G = Mean time per level.
                   A        B        C        D        E       F      G
               +--------+--------+--------+--------+--------+-----+--------+
         Total |   8995 |   8525 |    470 |    668 |   5998 |  13 |  691.9 |
       Dungeon |   8995 |   8525 |    470 |    668 |   5998 |  13 |  691.9 |
               +--------+--------+--------+--------+--------+-----+--------+

Top non-repeatable levels by time:
     D:9: 1148 daAuts
     D:8: 1069 daAuts
     D:5: 1059 daAuts
     D:6: 1019 daAuts
     D:4: 968 daAuts
     D:3: 909 daAuts
    D:10: 860 daAuts
     D:1: 659 daAuts
     D:2: 518 daAuts
     D:7: 515 daAuts
    D:13: 160 daAuts
    D:11: 74 daAuts
    D:14: 30 daAuts
